 Dungeon Crawl Stone Soup version 0.26.0-10-g1f06aea511 (webtiles) character file.

Game seed: 7698834415602864146

39 Dracia the Insei (level 3, 0/28 HPs)
             Began as a Gnoll Transmuter on Jan 14, 2021.
             Slain by a gnoll
             ... wielding a +0 club
              (1 damage)
             ... on level 2 of the Dungeon.
             The game lasted 00:01:37 (1422 turns).

Dracia the Insei (Gnoll Transmuter)                 Turns: 1422, Time: 00:01:37

Health: 0/28       AC:  2    Str: 13    XL:     3   Next: 47%
Magic:  9/9        EV: 14    Int: 15    God:
Gold:   89         SH:  0    Dex: 15    Spells: 11/12 levels left

rFire    . . .     SeeInvis .     - Unarmed
rCold    . . .     Faith    .   (no shield)
rNeg     . . .     Spirit   .   a - +0 robe
rPois    .         Reflect  .   (no helmet)
rElec    .         Harm     .   (no cloak)
rCorr    .         Rampage  .   (no gloves)
Will     .....     Rnd*Tele +   (no boots)
Stlth    ++........             (no amulet)
HPRegen  0.09/turn              t - ring of teleportation (curse)
MPRegen  0.11/turn              (no ring)

@: no status effects
A: distributed training, fangs 1, strong nose
a: no special abilities


You were on level 2 of the Dungeon.
You visited 1 branch of the dungeon, and saw 2 of its levels.

You collected 89 gold pieces.


Innate Abilities, Weirdness & Mutations

Your experience applies equally to all skills.
You have very sharp teeth.
Your uncanny sense of smell can sniff out nearby items.


   Skills:
 + Level 2.6 Fighting
 + Level 0.8 Short Blades
 + Level 0.8 Long Blades
 + Level 0.8 Axes
 + Level 0.8 Maces & Flails
 + Level 0.8 Polearms
 + Level 0.8 Staves
 + Level 0.8 Slings
 + Level 0.8 Bows
 + Level 0.8 Crossbows
 + Level 0.8 Throwing
 + Level 0.8 Armour
 + Level 4.5 Dodging
 + Level 0.8 Stealth
 + Level 0.8 Shields
 + Level 6.5 Unarmed Combat
 + Level 5.0 Spellcasting
 + Level 0.5 Conjurations
 + Level 0.5 Hexes
 + Level 0.5 Summonings
 + Level 0.5 Necromancy
 + Level 0.5 Translocations
 + Level 3.7 Transmutations
 + Level 0.5 Fire Magic
 + Level 0.5 Ice Magic
 + Level 0.5 Air Magic
 + Level 0.5 Earth Magic
 + Level 0.5 Poison Magic
 + Level 1.0 Invocations
 + Level 0.8 Evocations


You had 11 spell levels left.
You knew the following spells:

 Your Spells              Type           Power        Failure   Level
e - Beastly Appendage     Tmut           30%          3%          1

Your spell library contained the following spells:

 Spells                   Type           Power        Failure   Level
 Wereblood                Tmut           15%          5%          2
 Spider Form              Tmut/Pois      5%           21%         3
 Ice Form                 Ice/Tmut       10%          54%         4
 Blade Hands              Tmut           7%           67%         5

Inventory:

Missiles
 e - a throwing net {=f=f}
Armour
 a - a +0 robe (worn)
 b - a +0 pair of gloves
Jewellery
 t - a cursed ring of teleportation (left hand)
Scrolls
 c - a scroll of blinking
 d - a scroll of teleportation {unknown}
 g - a scroll of identify {unknown}
Potions
 f - a potion of curing {unknown}

Dungeon Overview and Level Annotations

Branches:
Dungeon (2/15)

Altars:

). #..........# ...
#..........#
...##+##..........#
....).(....#.####.#
...........#.# #.#
...........#.####.#
#.).............#.#
#.......^.##.##.#.#
#######@####.# ∆#
#...gg)).#.#
#...........#
#......!....#
#............
#######.#....
.#..##. .. .#


You could see 2 gnolls.


Message History

You punch the gnoll!
You kill the gnoll!
Your Invocations skill increases to level 1!
Unknown command.
Your horns disappear.
Your talons disappear.
The gnoll hits you with a +0 club. The gnoll hits you.
Found a club.
There is an open door, spattered with blood here.
You see here a gnoll corpse.
You closely miss the gnoll. The gnoll completely misses you.
The gnoll hits you.
You hit the gnoll.
The gnoll is moderately wounded.
The gnoll hits you with a +0 club.
* * * LOW HITPOINT WARNING * * *
The gnoll barely misses you.
You are too injured to fight recklessly!
Unknown command.
You punch the gnoll! You bite the gnoll, but do no damage.
The gnoll is severely wounded.
The gnoll hits you!
* * * LOW HITPOINT WARNING * * *
The gnoll hits you with a +0 club.
You die...

Skill      XL: |  1  2  3 |
---------------+----------+-----
Spellcasting   | 5 |  5.0
Invocations    | 1 |  1.0
Fighting       | |  2.6
Short Blades   | |  0.8
Long Blades    | |  0.8
Axes           | |  0.8
Maces & Flails | |  0.8
Polearms       | |  0.8
Staves         | |  0.8
Slings         | |  0.8
Bows           | |  0.8
Crossbows      | |  0.8
Throwing       | |  0.8
Armour         | |  0.8
Dodging        | |  4.5
Stealth        | |  0.8
Shields        | |  0.8
Unarmed Combat | |  6.5
Conjurations   | |  0.5
Hexes          | |  0.5
Summonings     | |  0.5
Necromancy     | |  0.5
Translocations | |  0.5
Transmutations | |  3.7
Fire Magic     | |  0.5
Ice Magic      | |  0.5
Air Magic      | |  0.5
Earth Magic    | |  0.5
Poison Magic   | |  0.5
Evocations     | |  0.8

Action                   || total
-------------------------++-------
Melee: Unarmed           ||    71
       Bite              ||     7
       Kick              ||     4
       Headbutt          ||     2
 Cast: Beastly Appendage ||     9
  Use: Scroll            ||     2
Armor: Robe              ||    16
Dodge: Dodged            ||    54

Levels and vault maps discovered:
D:1:      lightli_arrival_maybe_door_vault, layout_basic
D:2:      layout_basic

Notes
Turn   | Place    | Note
-------+----------+-------------------------------------------
     0 | D:1      | Dracia the Gnoll Transmuter began the quest for the Orb.
     0 | D:1      | Reached XP level 1. HP: 17/17 MP: 6/6
   161 | D:1      | You fall into a shaft and drop 1 floor!
   415 | D:1      | Reached XP level 2. HP: 23/23 MP: 5/7
   691 | D:1      | Reached XP level 3. HP: 22/28 MP: 9/9
   997 | D:1      | Reached skill level 5 in Spellcasting
  1419 | D:2      | Reached skill level 1 in Invocations
  1422 | D:2      | HP: 1/28 [gnoll (9)]
  1422 | D:2      | Slain by a gnoll

Vanquished Creatures
  A gnoll (D:2)
  2 leopard geckos (D:1)
  A goblin (D:1)
  4 hobgoblins (D:1)
  5 jackals (D:1)
  3 kobolds (D:1)
  4 bats
  3 frilled lizards (D:1)
  3 rats
26 creatures vanquished.

Table legend: (Time is in decaauts)
 A = Elapsed time spent in this place.
 B = Non-inter-level travel time spent in this place.
 C = Inter-level travel time spent in this place.
 D = Time resting spent in this place.
 E = Time spent auto-exploring this place.
 F = Levels seen in this place.
 G = Mean time per level.
                   A        B        C        D        E       F      G
               +--------+--------+--------+--------+--------+-----+--------+
         Total |   1414 |   1335 |     79 |      0 |   1182 |   2 |  707.0 |
       Dungeon |   1414 |   1335 |     79 |      0 |   1182 |   2 |  707.0 |
               +--------+--------+--------+--------+--------+-----+--------+

Top non-repeatable levels by time:
     D:1: 1274 daAuts
     D:2: 140 daAuts

Table legend:
 A = Non-vault XP
 B = Vault XP
 C = Vault XP percentage of total XP
 D = Non-vault monster count
 E = Vault monster count
 F = Vault count percentage of total count
                 A         B        C        D         E       F
            +---------+---------+-------+---------+---------+-------
      Total |      57 |       0 |   0.0 |      26 |       0 |   0.0
            +---------+---------+-------+---------+---------+-------
        D:1 |      40 |       0 |   0.0 |      22 |       0 |   0.0
        D:2 |      17 |       0 |   0.0 |       4 |       0 |   0.0
            +---------+---------+-------+---------+---------+-------
